Map: World of Sleepers LE

Players

pHARM - Winner!

  • Race: Zerg Zerg
  • League: Platinum
  • Spawn Location: 7:00

Seker

  • Race: Protoss Protoss
  • Spawn Location: 1:00

VOD

Have the link to the VOD?

Description

Time

  • Played on: Sept. 8, 2019, 10:13 p.m.
  • Length: 11:06
Show
View Real Time Build Order
Export as new Build Order

pHARM Zerg - Winner!

Build Orders: Hatch First 

Get SALT Encoding   

  12  0:01  Drone  
  13  0:14  Overlord  
  13  0:16  Drone  
  14  0:33  Drone x2  
  16  0:50  Hatchery  
  16  0:54  Drone  
  16  0:56  Drone  
  18  1:11  Drone  
  18  1:14  Drone  
  19  1:21  Spawning Pool  
  18  1:29  Drone  
  19  1:34  Extractor  
  19  1:36  Drone  
  19  1:45  Drone  
  20  1:52  Overlord  
  20  2:08  Queen x2  
  24  2:10  Drone x2  
  26  2:21  Drone x2  
  28  2:26  Drone x2  
  30  2:43  Queen  
  32  2:45  Drone x2  
  34  2:53  Drone x2  
  34  2:57  Metabolic Boost  
  36  2:59  Overlord  
  36  3:17  Queen  
  36  3:18  Hatchery  
  37  3:26  Pneumatized Carapace  
  37  3:28  Drone x7  
  37  3:30  Overlord  
  44  3:55  Extractor  
  43  3:56  Extractor  
  42  4:05  Roach Warren  
  42  4:07  Evolution Chamber  
  40  4:10  Evolution Chamber  
  40  4:11  Lair  
  39  4:33  Overlord x2  
  39  4:34  Drone x7  
  39  4:35  Drone x7  
  53  5:03  Drone  
  53  5:04  Drone x3  
  57  5:10  Unknown  
  57  5:13  Drone  
  57  5:15  Hydralisk Den  
  57  5:19  Zerg Missile Weapons Level 1  
  56  5:43  Zerg Ground Armor Level 1  
  56  5:46  Muscular Augments  
  56  5:52  Zergling x26  
  69  6:08  Overlord x3  
  69  6:34  Extractor  
  69  6:38  Infestation Pit  
  67  6:41  Hydralisk x13  
  67  6:43  Overlord x2  
  67  6:44  Overlord x2  
  93  6:58  Grooved Spines  
  93  7:14  Zerg Missile Weapons Level 2  
  93  7:16  Hydralisk  
  93  7:17  Hydralisk x7  
  96  7:38  Hydralisk x7  
  96  7:41  Overlord x2, Zergling x2  
  96  7:42  Zergling x10  
  116  7:54  Hive  
  116  8:02  Spire  
  115  8:15  Hydralisk x4  
  115  8:16  Hydralisk  
  115  8:17  Zergling x2  
  115  8:18  Zergling x20  
  136  8:21  Overlord  
  136  8:34  Zerg Ground Armor Level 2  
  130  8:58  Hydralisk  
  130  8:59  Hydralisk x8  
  130  9:01  Zergling x4  
  117  9:28  Drone x6  
  117  9:29  Drone x8  
  131  9:56  Hydralisk x7  
  145  10:16  Hatchery  
  145  10:17  Overlord x2  
  145  10:18  Overlord x2  
  144  10:37  Hydralisk x8  
  160  10:49  Hatchery  
Show
View Real Time Build Order
Export as new Build Order

Seker Protoss 

Build Orders:  

Get SALT Encoding   

  12  0:01  Probe  
  13  0:13  Probe  
  14  0:22  Pylon  
  14  0:26  Probe  
  15  0:36  Probe  
  16  0:43  Gateway  
  16  0:49  Probe  
  16  0:57  Assimilator  
  17  0:59  Probe  
  18  1:07  Probe  
  18  1:09  Pylon  
  18  1:16  Probe  
  19  1:19  Forge  
  20  1:28  Probe  
  21  1:37  Pylon  
  21  1:38  Zealot  
  23  1:41  Probe  
  24  1:55  Photon Cannon  
  24  2:00  Photon Cannon  
  24  2:19  Pylon  
  24  2:25  Probe  
  25  2:37  Probe  
  25  2:40  Cybernetics Core  
  26  2:45  Probe, Nexus  
  27  2:53  Probe  
  27  2:54  Assimilator  
  30  3:07  Probe  
  29  3:15  Warp Gate, Probe  
  30  3:21  Stargate  
  30  3:25  Probe  
  30  3:29  Sentry  
  33  3:37  Probe  
  34  3:50  Probe  
  35  3:55  Stalker  
  35  3:58  Assimilator x2  
  35  4:02  Probe  
  38  4:04  Void Ray  
  42  4:14  Probe  
  43  4:34  Pylon  
  43  4:37  Stargate  
  43  4:54  Stalker  
  43  4:57  Protoss Air Weapons Level 1  
  43  4:58  Probe x2  
  47  5:00  Void Ray  
  51  5:10  Probe x2  
  53  5:18  Probe  
  53  5:22  Probe  
  53  5:25  Void Ray  
  53  5:27  Probe  
  59  5:34  Probe  
  61  5:50  Void Ray  
  61  5:55  Nexus  
  65  6:06  Pylon  
  65  6:08  Probe  
  65  6:09  Probe  
  65  6:10  Pylon  
  67  6:12  Pylon  
  67  6:17  Void Ray  
  67  6:25  Pylon  
  67  6:29  Void Ray  
  67  6:30  Probe x2  
  67  6:32  Pylon  
  77  6:49  Stalker  
  77  6:51  Probe  
  77  6:52  Probe  
  81  6:56  Protoss Air Armor Level 1  
  81  7:13  Photon Cannon  
  81  7:15  Photon Cannon  
  81  7:17  Stalker  
  76  7:28  Photon Cannon, Probe  
  76  7:29  Photon Cannon  
  76  7:31  Photon Cannon, Probe  
  76  7:35  Photon Cannon  
  76  7:37  Probe  
  78  7:41  Sentry  
  81  7:44  Void Ray  
  85  7:57  Probe x2  
  85  7:58  Probe  
  88  8:02  Void Ray  
  92  8:09  Probe x2  
  92  8:10  Probe  
  95  8:17  Protoss Ground Weapons Level 1  
  95  8:22  Probe x2  
  95  8:23  Probe  
  98  8:27  Void Ray  
  102  8:34  Probe x2  
  102  8:35  Probe  
  105  8:42  Stalker  
  105  8:44  Void Ray  
  90  9:20  Photon Cannon  
  90  9:21  Pylon  
  90  9:22  Pylon  
  75  9:25  Photon Cannon x2  
  75  9:28  Stalker  
  77  9:36  Void Ray x2  
  85  9:49  Nexus  
  85  9:51  Pylon  
  85  9:53  Pylon  
  84  10:04  Nexus  
  84  10:06  Pylon  
  84  10:09  Void Ray  
  84  10:10  Void Ray  
  84  10:18  Zealot  
  94  10:27  Probe  
  94  10:29  Probe  
  96  10:35  Probe  
  96  10:42  Zealot, Probe  
  98  10:45  Probe  
  93  10:54  Probe  
Tags
 
League
Platinum
Matchup
PvZ
Replay Pack
10.7.19
Spawn Locations
Cross Positions
Add a new tag
Caveats
  • Supply blocks, unpowered buildings, or Contaminate may cause inaccurate times.
  • Supply counts are checked every 10 seconds.